 Dungeon Crawl Stone Soup version 0.28.0-45-g0d030f2227 (webtiles) character file.

Game seed: 17694183382687774004

43 protoss039 the Digger (level 3, 16/26 HPs)
             Began as a Demonspawn Earth Elementalist on May 27, 2022.
             Got out of the dungeon alive.
             The game lasted 00:03:45 (1715 turns).

protoss039 the Digger (DsEE)                        Turns: 1715, Time: 00:03:45

Health: 16/26      AC:  3    Str:  8    XL:     3   Next: 37%
Magic:  6/6        EV: 11    Int: 18    God:
Gold:   65         SH:  0    Dex: 13    Spells: 0/6 levels left

rFire   . . .      SeeInvis .   a - +0 short sword
rCold   . . .      Faith    .   (no shield)
rNeg    . . .      Spirit   .   e - +0 leather armour
rPois   .          Reflect  .   (no helmet)
rElec   .          Harm     .   (no cloak)
rCorr   .          Rampage  .   (no gloves)
Will    .....                   (no boots)
Stlth   ++........              (no amulet)
HPRegen 0.08/turn               (no ring)
MPRegen 0.10/turn               (no ring)

@: no status effects
A: demonic guardian 1, weakness stinger 1
a: no special abilities


You escaped.
You visited 1 branch of the dungeon, and saw 2 of its levels.

You collected 65 gold pieces.

Inventory:

Hand Weapons
 a - a +0 short sword (weapon)
Missiles
 c - 32 stones
Armour
 e - a +0 leather armour (worn)
Scrolls
 d - 2 scrolls of identify {unknown}


   Skills:
 * Level 1.3 Fighting
 + Level 0.7 Armour
 - Level 2.0 Dodging
 - Level 2.0 Stealth
 + Level 2.3 Spellcasting
 + Level 0.3 Conjurations
 - Level 1.0 Transmutations
 + Level 3.0 Earth Magic


You couldn't memorise any spells.
You knew the following spells:

 Your Spells              Type           Power      Damage    Failure   Level
a - Sandblast             Erth           26%        2d8       7%          1
b - Passwall              Tmut/Erth      7%         N/A       16%         2
c - Stone Arrow           Conj/Erth      16%        3d8       36%         3

Your spell library contained the following spells:

 Spells                   Type           Power      Damage    Failure   Level
 Petrify                  Tmut/Erth      9%         N/A       71%         4


Dungeon Overview and Level Annotations

Branches:
Dungeon (2/15)

Altars:


Innate Abilities, Weirdness & Mutations

A weak demonic guardian rushes to your aid.
You have a small tail.


Message History

You hit the dart slug.
You kill the dart slug!
Unknown command.
No target in view!
You see here a dart slug corpse.
You now have 65 gold pieces (gained 10).
You see here a dart slug corpse.
A worm comes into view.
A worm is nearby!
A worm is nearby!
A worm is nearby!
You hit the worm but do no damage. You punch the worm.
The worm is lightly wounded.
The worm misses you.
You barely miss the worm. The worm bites you!
A demonic guardian appears!
You hit the worm.
The worm is moderately wounded.
You hit the worm.
The worm is moderately wounded.
The worm bites you!
Your white imp gestures at the worm.
The puff of frost hits the worm!
Casting: Sandblast (safe; 7% risk of failure)
Confirm with . or Enter, or press ? or * to list all spells.
Aiming: Sandblast (safe; 7% risk of failure)
Press: ? - help, Shift-Dir - straight line, f - worm
Aim: a worm (severely wounded, ally target, 93% to hit)
The blast of sand hits the worm!
You kill the worm!
Unknown command.
Unknown command.
Magic restored.
Your white imp disappears in a puff of smoke!
There is a stone staircase leading up here.
You climb upwards.
There is a stone staircase leading down here.
There is an open door here.
There is a staircase leading out of the dungeon here.
Are you sure you want to leave the Dungeon?
This will make you lose the game!
You have escaped!

##.# #.##.....####
##.#
#.##........######
##.#
#.###.#####......#
##.# #.# #.# #.####.#
...# #.#
#.#####'####.# #..#
#.# #.##.......#.#
'..# #.#
#.##.8.8.8.#.# #..#
#.# #..#.......#.#
'..# #.#
#..+.8.@.8.'.# #..#
#.# #.##.......###
'..###†# #r##.8.8.8.#
#....#.# #.##.......#
†..#.#†###.#####'####
#..#.#.....# #..#
'..#.##########.##
#..#............#
...#########.####


There were no monsters in sight!

Vanquished Creatures
  A worm (D:2)
  2 dart slugs
  3 endoplasms (D:1)
  6 goblins (D:1)
  3 hobgoblins (D:1)
  A quokka (D:1)
  A ball python (D:1)
  3 bats (D:1)
  3 kobolds (D:1)
  14 rats (D:1)
37 creatures vanquished.

Vanquished Creatures (others)
  A fungus (D:2)
  5 plants (D:2)
6 creatures vanquished.

Grand Total: 43 creatures vanquished

Notes
Turn   | Place    | Note
-------+----------+-------------------------------------------
     0 | D:1      | protoss039 the Demonspawn Earth Elementalist began the
                  | quest for the Orb.
     0 | D:1      | Reached XP level 1. HP: 13/13 MP: 3/3
    78 | D:1      | Reached skill level 1 in Transmutations
   392 | D:1      | Gained mutation: You have a small tail. [demonic ancestry]
   392 | D:1      | Reached XP level 2. HP: 15/19 MP: 0/5
   721 | D:1      | Reached skill level 1 in Fighting
  1016 | D:1      | Gained mutation: A weak demonic guardian rushes to your
                  | aid. [demonic ancestry]
  1016 | D:1      | Reached XP level 3. HP: 26/26 MP: 6/6
  1022 | D:1      | Reached skill level 3 in Earth Magic
  1097 | D:1      | Learned a level 2 spell: Passwall
  1101 | D:1      | Learned a level 3 spell: Stone Arrow
  1715 | D:$      | Got out of the dungeon alive.

Illustrated notes

Levels and vault maps discovered:
D:1:      doesnt_arrival_eight_statues, layout_basic, minmay_rat_gold_closets
D:2:      layout_loops_ring, shapermc_ecumenical_altar_acropolis

Skill      XL: |  1  2  3 |
---------------+----------+-----
Transmutations | 1 |  1.0
Dodging        | 2 |  2.0
Stealth        | 2 |  2.0
Fighting       | 1 |  1.3
Earth Magic    | 3 |  3.0
Armour         | |  0.7
Spellcasting   | |  2.3
Conjurations   | |  0.3

Action                   || total
-------------------------++-------
Melee: Short sword       ||    77
       Tailslap          ||     9
       Punch             ||     2
 Cast: Sandblast         ||    17
 Stab: Sleeping          ||     9
Armor: Robe              ||     5
Dodge: Dodged            ||    45
